← All builds
Tech / Armada / Economy first / OBSERVED BUILD

Standard tech

Armada Tech (Eco) build order · Supreme Isthmus

Rushes T2 factory and Advanced Metal Extractor while supplying T2 and T1 constructors to teammates like Geo, then transitions into Citadel/Platypus/Umbrella defence as the game develops.

Usually first T2 con to Geo (85%)

#eco #t2 #team support · 772 distinct matches · 109 players · 59% of Armada Tech games · team won 53% of 893 · Recently observed

HOW TO PLAY IT

Key timing: T2 lab by 4:15

  1. Take 3 mex, then wind and a Bot Lab to open eco fast.
  2. Push T2 lab out, aim to pass T2 to air player.
  3. Get first T2 constructor building, prioritize mex upgrades over eco.
  4. Finish Advanced Metal Extractor, keep upgrading team's mex.
  5. Add fus and anti-nuke, keep feeding T2 cons and Umbrella/Citadel to team.

Phase by phase

TYPICAL OF ITS 772 GAMES
  1. 1
  2. 2
  3. 3
  4. 4
PLAY THE OPENING

Follow the example game's first 6:00 step by step: what to build now, what comes next, and where it goes. At 1× it keeps pace with your own game.

  1. 1

    Up to the Bot Lab

    Economy
    • Metal Extractor3Mex
    • Wind Turbine4Wind
    Order
    1. Bot LabBot Lab after 3 mex, 4 winddone ~1:17, middle half 1:13–1:32

    Some games also: energy storage (30%)

    By 1:01 in all: 3 mex · 4 wind

    The example game in this phase · 3 steps
    1. Mex ×3
    2. Wind ×3
    3. Bot LabBot Labdone 1:13 · typical 1:17
  2. 2

    Bot Lab to Advanced Bot Lab

    Economy
    • Metal Extractor1Mex
    • Wind Turbine8Wind
    • Energy Storage1Energy storage
    Order
    1. Advanced Bot LabAdvanced Bot Lab after 4 mex, 12 wind, 3 con turretdone ~4:15, middle half 4:04–4:27
    Builders
    • Construction Turret3 Con turret
    • Lazarus3 Lazarus
    • Construction Bot2 Con bot
    • Construction Bot1 Con bot for allies

    Some games also: converter (36%)

    By 3:19 in all: 4 mex · 12 wind · 1 energy storage · 3 con turret

    The example game in this phase · 14 steps
    1. Construction BotCon bot
    2. Wind
    3. Construction BotCon botfor Air
    4. Wind ×4
    5. LazarusLazarus
    6. Construction BotCon bot
    7. Energy storage
    8. Mex
    9. Wind ×2
    10. LazarusLazarus
    11. Wind
    12. Con turret
    13. Wind ×3
    14. Advanced Bot LabAdvanced Bot Labnot finished by 15:00 · typical 4:15
  3. 3

    Advanced Bot Lab to 5:00

    Economy
    • Wind Turbine2Wind
    Builders
    • Advanced Construction Bot1 T2 con bot for allies

    Some games also: converter (36%)

    By 5:00 in all: 4 mex · 15 wind · 2 converter · 1 energy storage · 3 con turret

    The example game in this phase · 13 steps
    1. Wind
    2. Con turret
    3. Wind ×3
    4. Energy storage
    5. Advanced Bot LabAdvanced Bot Labdone 4:29
    6. Converter
    7. Wind
    8. Converter
    9. Wind ×2
    10. Advanced Construction BotT2 con botfor Geo
    11. Wind
    12. SharpshooterSniper botfor Ponddone 5:19
    13. Wind
  4. 4

    5:00 to 10:00

    Economy
    • Wind Turbine44Wind
    • Energy Converter6Converter
    Builders
    • Butler8 Butler
    • Advanced Construction Bot4 T2 con bot for allies
    • Advanced Construction Bot1 T2 con bot

    Some games also: con turret (47%) · Butler for allies (38%)

    By 10:00 in all: 4 mex · 59 wind · 8 converter · 1 energy storage · 3 con turret

    The example game in this phase · 125 steps
    1. Wind
    2. SharpshooterSniper botfor Pond
    3. Wind ×2
    4. Advanced Construction BotT2 con botfor Air
    5. Wind
    6. Advanced Construction BotT2 con bot ×2for Geo sea
    7. Advanced Metal ExtractorT2 mexdone 7:59 · typical 5:29
    8. Wind
    9. Converter
    10. Wind
    11. Advanced Metal ExtractorT2 mex
    12. Converter
    13. Wind
    14. Converter
    15. Wind
    16. Converter
    17. Wind
    18. Advanced Construction BotT2 con botfor Pond
    19. Converter
    20. Wind
    21. Advanced Construction BotT2 con bot
    22. Wind
    23. Converter
    24. Advanced Metal ExtractorT2 mex
    25. Converter
    26. Wind
    27. Converter
    28. Advanced Metal ExtractorT2 mex
    29. ButlerButler
    30. Wind
    31. ButlerButler ×2
    32. Wind
    33. ButlerButler
    34. Wind ×2
    35. ButlerButler
    36. Wind ×2
    37. ButlerButler
    38. Wind ×5
    39. Converter
    40. Wind
    41. PlatypusPlatypus
    42. T2 converter
    43. Wind
    44. Converter
    45. Wind ×2
    46. PlatypusPlatypus
    47. Wind ×6
    48. ButlerButler
    49. Wind ×5
    50. PlatypusPlatypus
    51. Con turret
    52. Wind ×3
    53. Converter
    54. Wind ×2
    55. Converter
    56. Wind ×2
    57. PlatypusPlatypus
    58. Wind ×3
    59. Con turret
    60. Wind ×3
    61. PlatypusPlatypus
    62. Con turret
    63. Wind ×2
    64. Converter
    65. Wind ×4
    66. PlatypusPlatypus
    67. Wind ×4
    68. Converter
    69. Wind ×3
    70. Con turret
    71. Wind ×4
    72. PlatypusPlatypus
    73. Converter ×2
    74. Wind ×2
    75. PlatypusPlatypus
    76. Wind
    77. Converter
    78. T2 converter
    79. Wind ×4
    80. PlatypusPlatypus
    81. Wind
    82. Converter ×2
    83. Wind ×3
    84. PlatypusPlatypus
    85. Wind ×2
    86. PlatypusPlatypus
    87. Wind
    88. Converter
    89. Wind ×2
    90. PlatypusPlatypus
    91. Wind ×2
    92. Converter
    93. Wind ×2
    94. PlatypusPlatypus
    95. Wind ×3
    96. PlatypusPlatypus
    97. Wind ×3
    98. PlatypusPlatypus
    99. Wind
    100. Converter
    101. Wind ×3
    102. PlatypusPlatypus
    103. Wind
    104. Converter
    105. Wind
    106. Advanced Construction BotT2 con bot
    107. Wind ×3
    108. Converter
    109. Wind ×3
    110. PlatypusPlatypus
    111. Wind ×2
    112. PlatypusPlatypus
    113. Wind ×3
    114. T2 converter
    115. Wind
    116. PlatypusPlatypus
    117. Wind
    118. Converter
    119. Wind
    120. PlatypusPlatypus ×2
    121. Wind
    122. PlatypusPlatypus
    123. Wind ×7
    124. Converter
    125. Wind ×7

Counts are medians over the build's games: half of them build more, half fewer. The example game is jazmastah's (40 OS, 22/08/2026); pick another.

Team trades

IN AT LEAST 30% OF ITS GAMES

You hand over

  • Construction Bot1 Con bot to Airfirst at 2:22 · in 88% of games
  • Advanced Construction Bot5 T2 con bot to Air or Pond or Geo seafirst at 4:47 · in 99% of games
  • Sharpshooter2 Sniper bot to Pondfirst at 5:21 · in 33% of games
  • Butler2 Butler to Geo sea or Beach sea or Pondfirst at 9:03 · in 42% of games

You get

  • Hercules1 Light transport from Airfirst at 4:00 · in 85% of games

How it plays out

Typical game of this build, running totals by minute

Metal produced

020k40k
0:005:0010:0015:00

metal

Enemy metal destroyed

0200400
0:005:0010:0015:00

metal

Own metal lost

0100200300
0:005:0010:0015:00

metal

893 games.

Show as table
ByMetal produced: This buildEnemy metal destroyed: This buildOwn metal lost: This build
1:0038300
2:0091500
3:00164200
4:00315100
5:00486600
6:00580800
7:00723000
8:00907000
9:001124900
10:001357900
11:001640900
12:001997300
13:002378500
14:002755490104
15:0031617323204
WHAT THE NUMBERS SAY

This is the role's baseline and wins slightly more than half its games with a huge metal lead but almost no kills, showing its value is economic not combat.

  • + Produces 31389 metal by 15:00, far above other roles.
  • + Reaches T2 lab and constructor by 4:15-4:33 almost every game.
  • − Barely destroys any enemy metal (400 by 15:00), no combat presence.
  • − Fusion Reactor and anti-nuke only land in 44% of games.
THE EXAMPLE YOU ARE READING

jazmastah

39.8 OS · 22/08/2026

Open source match ↗

7 received units
2157 metal received · 159744 energy received

Allied construction assistance is unknown. Timings are observations, not a promise of solo reproducibility.

Typical milestones

Bot Lab1:17Middle 50%: 1:13–1:32 · n=893
Advanced Bot Lab4:15Middle 50%: 4:04–4:27 · n=887
Advanced Metal Extractor5:29Middle 50%: 5:06–5:59 · n=891

Played most by

Amrissa100games of this buildSyphos40games of this buildKOT_38games of this buildAdeus34games of this buildTeaner34games of this build